 Dungeon Crawl Stone Soup version 0.22-a0-580-gd5db89c (webtiles) character file.

1980 galech the Fighter (level 9, -5/97 HPs)
             Began as an Ogre Berserker on July 3, 2018.
             Was a Priest of Trog.
             Slain by Joseph
             ... wielding a +2 quarterstaff of draining
              (6 damage)
             ... on level 7 of the Dungeon.
             The game lasted 00:08:40 (7697 turns).

galech the Fighter (Ogre Berserker)                 Turns: 7697, Time: 00:08:41

Health: -5/97      AC:  4    Str: 23    XL:     9   Next: 20%
Magic:  9/9        EV: 10    Int:  8    God:    Trog [***...]
Gold:   431        SH:  0    Dex: 11    Spells: 8/8 levels left

rFire    . . .     SeeInvis .   a - +0 mace
rCold    . . .     Gourm    .   (no shield)
rNeg     . . .     Faith    .   b - +0 animal skin
rPois    .         Spirit   .   (helmet restricted)
rElec    .         Reflect  .   e - +0 cloak
rCorr    +         Harm     .   (gloves unavailable)
MR       ++...                  (boots unavailable)
Stlth    +.........             q - amulet of the acrobat
HPRegen  1.26/turn              r - ring of resist corrosion
MPRegen  0.11/turn              (no ring)

@: berserk cooldown, regenerating, slowed, very heavily drained, very slow
A: large, unfitting armour, tough skin 1
a: Berserk, Trog's Hand, Renounce Religion


You were on level 7 of the Dungeon.
You worshipped Trog.
Trog was most pleased with you.
You were not hungry.

You visited 1 branch of the dungeon, and saw 7 of its levels.

You collected 431 gold pieces.

Inventory:

Hand Weapons
 a - a +0 mace (weapon)
Armour
 b - a +0 animal skin (worn)
 e - a +0 cloak (worn)
Jewellery
 q - an amulet of the acrobat (around neck)
 r - a ring of resist corrosion (left hand)
Wands
 t - a wand of disintegration (25)
Scrolls
 f - 2 scrolls of teleportation {unknown}
 g - 3 scrolls of enchant weapon {unknown}
 j - a scroll of enchant armour {unknown}
 k - 2 scrolls of identify {unknown}
 m - 3 scrolls of remove curse {unknown}
 n - a scroll of random uselessness {unknown}
 o - 5 scrolls of magic mapping {unknown}
 p - a scroll of fog {unknown}
 v - 3 scrolls of immolation {unknown}
Potions
 d - 2 potions of haste {unknown}
 h - 2 potions of agility {unknown}
 i - 6 potions of curing {unknown}
 l - 2 potions of resistance {unknown}
 s - a potion of brilliance {unknown}
 u - a potion of cancellation {unknown}
 w - a potion of flight {unknown}
 x - a potion of lignification {unknown}
Comestibles
 c - 6 rations


   Skills:
 + Level 8.5(5.3) Fighting
 + Level 7.7(4.5) Maces & Flails
 + Level 6.0(3.0) Dodging
 + Level 2.1(0.0) Stealth


You had 8 spell levels left.
You didn't know any spells.
Your spell library was empty.

Dungeon Overview and Level Annotations

Branches:
Dungeon (7/15)             Temple (0/1) D:5

Altars:
Okawaru
Vehumet
Zin
The Shining One

Shops:
D:4 [

Annotations:
D:7 Joseph


Innate Abilities, Weirdness & Mutations

You are too large for most types of armour.
You have tough skin. (AC +1)


Message History

You feel drained.
You closely miss Joseph.
Joseph is moderately wounded.
Joseph closely misses you.
Joseph hits you with an uncursed quarterstaff of draining!
You feel drained.
You hit Joseph but do no damage.
Joseph is moderately wounded.
You feel the effects of Trog's Hand fading.
Joseph closely misses you.
You hit Joseph but do no damage.
Joseph is moderately wounded.
Joseph hits you with an uncursed quarterstaff of draining!!
* * * LOW HITPOINT WARNING * * *
You feel drained.
* * * LOW HITPOINT WARNING * * *
Joseph hits you with an uncursed quarterstaff of draining!
* * * LOW HITPOINT WARNING * * *
You feel drained.
You die...

...........#...#
._..#......#...#
....#......##.##
....#.....>##.#
.####(.....##.# #
...........##.# .#
#####....>.##.# ..
#......##.####.#.#
#......##.#.@@o..#
#......##.#.##.###
####.#....#.# #
#.#.####.##.# ######
#.#.#.......# .....#
#.#.#(##.#### .....#
#.#.#.##...
.....###.#.#.#####.#
)........#.........#


You could see Joseph and an orc.

Vanquished Creatures
  2 hungry ghosts (D:7)
  A black bear (D:7)
  2 sky beasts (D:5)
  A phantom (D:7)
  An ogre (D:6)
  3 bullfrogs
  A scorpion (D:5)
  An oklob sapling (D:5)
  3 wights
  5 crimson imps
  A quasit (D:5)
  3 hounds
  An orc priest (D:2)
  2 orc wizards
  A jelly (D:6)
  Ijyb (D:5)
  3 iguanas
  3 worker ants
  A hound zombie (D:2)
  A worker ant zombie (D:5)
  6 gnolls
  9 adders
  A shadow imp (D:5)
  2 oozes
  3 worms
  3 dart slugs
  2 leopard geckos
  29 orcs
  4 bats
  3 giant cockroaches
  10 goblins
  4 hobgoblins
  5 quokkas
  A ball python (D:1)
  2 frilled lizards
  A giant cockroach zombie (D:6)
  7 kobolds
  5 quokka skeletons
  6 rats
  A fungus (D:4)
  A plant (D:5)
142 creatures vanquished.

Notes
Turn   | Place    | Note
-------+----------+-------------------------------------------
     0 | D:1      | galech the Ogre Berserker began the quest for the Orb.
     0 | D:1      | Reached XP level 1. HP: 24/24 MP: 1/1
   338 | D:1      | Reached XP level 2. HP: 29/32 MP: 2/2
   748 | D:2      | Reached XP level 3. HP: 30/40 MP: 3/3
  1153 | D:2      | Reached XP level 4. HP: 39/49 MP: 4/4
  1362 | D:2      | Reached skill level 5 in Fighting
  1368 | D:2      | Reached XP level 5. HP: 34/57 MP: 5/5
  1849 | D:3      | Reached ** piety under Trog
  2621 | D:3      | Reached XP level 6. HP: 66/66 MP: 6/6
  2665 | D:3      | Noticed an angel
  2666 | D:3      | Found a glowing silver altar of Zin.
  3198 | D:4      | Reached skill level 1 in Stealth
  3221 | D:4      | Found Xicoa's Antique Armour Shop.
  3805 | D:4      | Reached skill level 5 in Maces & Flails
  4351 | D:5      | Entered Level 5 of the Dungeon
  4366 | D:5      | Reached skill level 6 in Fighting
  4366 | D:5      | Reached XP level 7. HP: 71/75 MP: 7/7
  4402 | D:5      | Found a staircase to the Ecumenical Temple.
  5278 | D:5      | Noticed Ijyb
  5300 | D:5      | Killed Ijyb
  5300 | D:5      | Reached *** piety under Trog
  5765 | D:5      | Reached skill level 5 in Dodging
  5765 | D:5      | Reached XP level 8. HP: 35/84 MP: 8/8
  6163 | D:6      | Reached skill level 7 in Fighting
  6979 | D:6      | Reached skill level 8 in Fighting
  7196 | D:6      | Found a radiant altar of Vehumet.
  7197 | D:6      | Found an iron altar of Okawaru.
  7465 | D:7      | Reached XP level 9. HP: 96/96 MP: 9/9
  7639 | D:7      | Found a glowing golden altar of the Shining One.
  7673 | D:7      | Noticed Joseph
  7697 | D:7      | HP: 1/97 [Joseph/uncursed quarterstaff of draining (13)]
  7697 | D:7      | Slain by Joseph

Vault maps used:
D:1:      dpeg_arrival_oval
D:3:      zin_angel, kennysheep_nub
D:4:      kennysheep_the_goblin_king, first_ration, serial_shops, shop_statue,
          minmay_gold_behind_fungi
D:5:      minmay_temple_entry_oklob, lemuel_flamethrower_2, uniq_ijyb
D:6:      gammafunk_temple_overflow_statue
D:7:      nicolae_tso_swordbearing_angel, basic_altar, uniq_menkaure,
          uniq_joseph

Skill      XL: |  1  2  3  4  5  6  7  8  9 |
---------------+----------------------------+-----
Maces & Flails | 3 4 5 6 7 |  7.7
Dodging        | 3 4 5 6 |  6.0
Fighting       | 5 6 8 |  8.5
Stealth        | 1 2 |  2.1

Action                   |  1- 3 |  4- 6 |  7- 9 || total
-------------------------+-------+-------+-------++-------
Melee: Mace              |    68 |   271 |   401 ||   740
Invok: Berserk           |     1 |     4 |    12 ||    17
       Trog's Hand       |       |     1 |     5 ||     6
 Stab: Sleeping          |       |     2 |     1 ||     3
  Eat: Chunk             |     1 |    14 |    10 ||    25
       Ration            |       |       |     6 ||     6
Armor: Animal skin       |    29 |    80 |   127 ||   236
Dodge: Dodged            |    60 |   167 |   282 ||   509

Table legend:
 A = Spawn XP
 B = Non-spawn XP
 C = Spawn XP percentage of total XP
 D = Spawn monster count
 E = Non-spawn monster count
 F = Spawn count percentage of total count
 G = Total turns spent on level
                    A         B        C        D         E        F      G
               +---------+---------+-------+---------+---------+-------+---------
         Total |       0 |    2829 |   0.0 |       0 |     140 |   0.0 |  7697
               +---------+---------+-------+---------+---------+-------+---------
           D:1 |       0 |      22 |   0.0 |       0 |      12 |   0.0 |   723
           D:2 |       0 |     198 |   0.0 |       0 |      20 |   0.0 |   804
           D:3 |       0 |     107 |   0.0 |       0 |      26 |   0.0 |  1459
           D:4 |       0 |     288 |   0.0 |       0 |      23 |   0.0 |  1365
           D:5 |       0 |     975 |   0.0 |       0 |      33 |   0.0 |  2320
           D:6 |       0 |     580 |   0.0 |       0 |      17 |   0.0 |   707
           D:7 |       0 |     659 |   0.0 |       0 |       9 |   0.0 |   319
               +---------+---------+-------+---------+---------+-------+---------
